 Dungeon Crawl Stone Soup version 0.20.0-10-g0535bb4 (webtiles) character file.

24535 Naow the Basher (level 12, -10/121 HPs)
             Began as a Demonspawn Berserker on June 6, 2017.
             Was a High Priest of Trog.
             Killed by mirror damage (14 damage)
             ... on level 12 of the Dungeon.
             The game lasted 00:17:58 (12518 turns).

Naow the Basher (Demonspawn Berserker)             Turns: 12518, Time: 00:17:59

Health: -10/121    AC: 17    Str: 28    XL:     12   Next: 81%
Magic:  12/12      EV:  8    Int: 11    God:    Trog [*****.]
Gold:   475        SH: 21    Dex: 18    Spells: 11/11 levels left

rFire    + . .     SeeInvis .   b - +10 eveningstar of Laceration {crush, *Slow rElec rN+ Int+3}
rCold    x . .     Gourm    .   n - +2 shield
rNeg     + . .     Faith    .   U - +0 plate armour
rPois    .         Spirit   .   (helmet restricted)
rElec    +         Reflect  +   t - +0 cloak
rCorr    .         Harm     .   i - +0 pair of gloves
MR       .....                  L - +0 pair of boots
Stlth    ..........             u - +5 amulet of reflection
Regen    0.3/turn               H - +5 ring of dexterity
MPRegen  0.2/turn               O - ring of fire

@: berserking (expiring), slowed
A: horns 2, thin metallic scales 2, demonic guardian 1, spiny 2
a: Berserk, Trog's Hand, Brothers in Arms, Burn Spellbooks, Renounce Religion


You were on level 12 of the Dungeon.
You worshipped Trog.
Trog was extremely pleased with you.
You were very hungry.

You visited 1 branch of the dungeon, and saw 12 of its levels.

You collected 475 gold pieces.

Inventory:

Hand Weapons
 b - the +10 eveningstar of Laceration (weapon) {crush, *Slow rElec rN+ Int+3}
   (Trog gifted it to you on level 11 of the Dungeon)

   It inflicts extra damage upon your enemies.
   It affects your intelligence (+3).
   It insulates you from electricity.
   It protects you from negative energy.
   It may slow you when you take damage.
 D - a +1 flail of protection
Armour
 i - a +0 pair of gloves (worn)
 n - a +2 shield (worn)
 t - a +0 cloak (worn)
 L - a +0 pair of boots (worn)
 U - a +0 plate armour (worn)
Jewellery
 a - an uncursed amulet of guardian spirit
 u - a +5 amulet of reflection (around neck)
 F - an uncursed ring of magical power
 H - a +5 ring of dexterity (left hand)
 M - an uncursed amulet of faith
 O - a ring of fire (right hand)
 P - an uncursed amulet of rage
 T - an uncursed ring of flight
 W - a +2 amulet of reflection
 Y - an uncursed ring of ice
Wands
 m - a wand of clouds (1/9)
 K - a wand of flame (36/48)
 N - a wand of disintegration (16/24)
 Q - a wand of digging (14/24)
 R - a wand of flame (36/48)
 S - a wand of flame (14/48)
 V - a wand of lightning (15/15)
Scrolls
 e - 6 scrolls of remove curse
 g - 2 scrolls of amnesia
 k - 12 scrolls of teleportation
 l - a scroll of blinking
 o - a scroll of fear {unknown}
 p - 5 scrolls of immolation
 q - 2 scrolls of identify
 v - 2 scrolls of enchant armour {unknown}
 w - 4 scrolls of enchant weapon {unknown}
 y - 2 scrolls of magic mapping {unknown}
 I - a scroll of noise {unknown}
Potions
 d - 4 potions of degeneration
 r - 2 potions of ambrosia {unknown}
 s - 4 potions of curing {unknown}
 x - 5 potions of lignification
 A - 2 potions of magic
 B - 2 potions of might {unknown}
 C - a potion of brilliance {unknown}
 E - a potion of heal wounds {unknown}
 G - 5 potions of flight {unknown}
 J - 3 potions of mutation {unknown}
 X - 2 potions of agility
Comestibles
 c - 7 bread rations
 f - 9 meat rations
 h - 44 fruits
 z - 9 royal jellies


   Skills:
 - Level 3.0 Fighting
 + Level 14.1 Maces & Flails
 - Level 1.7 Armour
 - Level 1.7 Dodging
 + Level 13.5 Shields


You had 11 spell levels left.
You didn't know any spells.

Dungeon Overview and Level Annotations

Branches:
Dungeon (12/15)            Temple (0/1) D:6            Lair (0/6) D:8
    Orc (0/2) D:11

Altars:
Cheibriados
Dithmenos
Fedhas
Gozag
Kikubaaqudgha
Makhleb
Qazlal
Ru
Trog
Uskayaw
Vehumet
Xom
Yredelemnul
The Shining One

Shops:
D:6 !


Innate Abilities, Weirdness & Mutations

You have a pair of horns on your head.
You are mostly covered in thin metallic scales. (AC +3)
A weak demonic guardian rushes to your aid.
You are mostly covered in sharp spines.


Message History

You swap places.
You block the death knight's attack.
The tormentor shouts, "Prepare for my thousand needles of pain!"
Things that are here:
a vampiric glaive; a chain mail; a dire flail You feel a strong urge to attack something.
The death knight is struck by your spines.
The death knight hits you with a glaive of chopping!
* * * LOW HITPOINT WARNING * * *
x2 The death knight reflects your damage back at you!
* * * LOW HITPOINT WARNING * * *
The tormentor says, "I will show you what pain is."
You puncture the death knight! Your headbutt misses the death knight.
The death knight is severely wounded.
The death knight reflects your damage back at you!
* * * LOW HITPOINT WARNING * * *
You impale the death knight!!
You kill the death knight!
Trog accepts your kill.
Your damage is reflected back at you!
You die...

)[##....#.# .[#.....#.#
######## ?2#!....#.#
#.......
2##(....#.#######.......
##.$....#...............
..%.....#........##+####
........#........#.....#
.......5#5.......#.....'
......)@5........#.....#
.................#######
######....####'#........
.......#....#........
........#....#........
.........#....#........
.........#....#........
.........######........
#####.. ....###...


You could see 2 tormentors, a friendly quasit and 2 friendly white imps.

Vanquished Creatures
  Fannar (D:11)
  Erolcha (D:11)
  Harold (D:11)
  The ghost of v77 the Basher, a novice MiBe of Trog (D:9)
  9 two-headed ogres
  2 death knights (D:12)
  6 skeletal warriors
  An unseen horror (D:12)
  Pikel (D:6)
  A manticore (D:11)
  An ugly thing (D:11)
  A centaur zombie (D:10)
  Psyche (D:11)
  A freezing wraith (D:12)
  2 trolls (D:11)
  3 hippogriffs
  16 yaks
  A steam dragon (D:10)
  2 hungry ghosts
  Grum (D:11)
  The ghost of Timinator the Cutter, an amateur DsAr (D:3)
  4 wargs (D:11)
  A water moccasin (D:11)
  3 porcupines (D:8)
  5 orc warriors
  3 slaves (D:6)
  4 sky beasts
  2 black bears (D:6)
  3 phantoms
  2 ogres (D:7)
  A necrophage (D:11)
  2 wolves (D:11)
  3 centaurs
  3 big kobolds
  6 bullfrogs
  2 scorpions
  3 killer bees (D:9)
  3 wights (D:11)
  3 howler monkeys
  A bullfrog zombie (D:10)
  6 crimson imps
  A quasit (D:11)
  3 jellies
  7 hounds
  5 orc priests
  Terence (D:3)
  12 orc wizards
  4 iguanas
  9 worker ants
  A hound zombie (D:7)
  A hound skeleton (D:7)
  Robin (D:3)
  A worker ant zombie (D:9)
  3 gnolls (D:6)
  14 adders
  3 shadow imps
  An ooze (D:1)
  2 adder skeletons
  2 adder zombies
  2 worms
  4 dart slugs
  6 leopard geckos
  38 orcs
  5 bats
  9 giant cockroaches
  23 goblins
  8 hobgoblins
  6 jackals
  15 kobolds
  7 quokkas
  2 ball pythons
  4 frilled lizards
  A leopard gecko skeleton (D:4)
  7 rats
322 creatures vanquished.

Vanquished Creatures (collateral kills)
  A yak (D:9)
  Duvessa (D:6)
  A slave (D:6)
  A phantom (D:7)
  An ogre (D:7)
  2 wolves (D:11)
  A centaur (D:5)
  A scorpion (D:4)
  Dowan (D:6)
  A crimson imp (D:11)
  Crazy Yiuf (D:2)
  2 orc priests
  2 orc wizards
  A gnoll (D:6)
  6 orcs
  3 goblins (D:3)
  A hobgoblin (D:3)
  A jackal (D:4)
28 creatures vanquished.

Vanquished Creatures (others)
  A centaur (D:11)
  2 kobolds
3 creatures vanquished.

Grand Total: 353 creatures vanquished

Notes
Turn   | Place    | Note
-------+----------+-------------------------------------------
     0 | D:1      | Naow the Demonspawn Berserker began the quest for the Orb.
     0 | D:1      | Reached XP level 1. HP: 18/18 MP: 1/1
    17 | D:1      | Reached skill level 3 in Maces & Flails
   125 | D:1      | Gained mutation: A weak demonic guardian rushes to your aid. [demonic ancestry]
   125 | D:1      | Reached XP level 2. HP: 23/24 MP: 2/2
   672 | D:1      | Gained mutation: You are partially covered in sharp spines. [demonic ancestry]
   672 | D:1      | Reached XP level 3. HP: 17/29 MP: 3/3
   830 | D:1      | Reached ** piety under Trog
  1075 | D:1      | Reached skill level 4 in Maces & Flails
  1385 | D:2      | Found a faded altar of an unknown god.
  1481 | D:2      | Found a sacrificial altar of Ru.
  1563 | D:2      | Reached skill level 1 in Shields
  1601 | D:2      | Reached XP level 4. HP: 31/35 MP: 4/4
  1649 | D:2      | Found an ancient bone altar of Kikubaaqudgha.
  1688 | D:2      | Found a runed door.
  1893 | D:2      | Found a shimmering altar of Xom.
  1898 | D:2      | Found a bloodstained altar of Trog.
  2287 | D:2      | Noticed Crazy Yiuf
  2293 | D:2      | Killed Crazy Yiuf
  2486 | D:3      | Noticed Terence
  2506 | D:3      | Killed Terence
  2639 | D:3      | Found a snail-covered altar of Cheibriados.
  2656 | D:3      | Gained mutation: You are mostly covered in sharp spines. [demonic ancestry]
  2656 | D:3      | Reached XP level 5. HP: 37/41 MP: 5/5
  2777 | D:3      | Noticed Robin
  2780 | D:3      | Noticed Timinator's ghost (amateur DsAr)
  2787 | D:3      | Killed Robin
  2787 | D:3      | Reached *** piety under Trog
  2795 | D:3      | Killed Timinator's ghost
  2795 | D:3      | Reached skill level 5 in Maces & Flails
  2795 | D:3      | Gained mutation: You have a pair of small horns on your head. [demonic ancestry]
  2795 | D:3      | Reached XP level 6. HP: 37/47 MP: 6/6
  3923 | D:4      | Reached XP level 7. HP: 52/52 MP: 7/7
  3949 | D:4      | Reached skill level 6 in Maces & Flails
  4167 | D:4      | Reached **** piety under Trog
  4480 | D:5      | Entered Level 5 of the Dungeon
  4635 | D:5      | Found a hide-covered altar of Uskayaw.
  4738 | D:5      | Found a snail-covered altar of Cheibriados.
  4745 | D:5      | Reached skill level 5 in Shields
  5463 | D:6      | Reached skill level 7 in Maces & Flails
  5463 | D:6      | Gained mutation: You are partially covered in thin metallic scales. (AC +2) [demonic ancestry]
  5463 | D:6      | Reached XP level 8. HP: 56/58 MP: 8/8
  5710 | D:6      | Found Cicociow's Distillery.
  5865 | D:6      | Noticed Dowan
  5868 | D:6      | Noticed Duvessa
  5872 | D:6      | Killed Dowan
  5877 | D:6      | Killed Duvessa
  6076 | D:6      | Found a staircase to the Ecumenical Temple.
  6125 | D:6      | Noticed Pikel
  6134 | D:6      | Reached skill level 8 in Maces & Flails
  6153 | D:6      | Killed Pikel
  6153 | D:6      | Gained mutation: You have a pair of horns on your head. [demonic ancestry]
  6153 | D:6      | Reached XP level 9. HP: 63/63 MP: 9/9
  6242 | D:6      | Found a radiant altar of Vehumet.
  6244 | D:6      | Found a stormy altar of Qazlal.
  6244 | D:6      | Found an opulent altar of Gozag.
  6288 | D:6      | Found a burning altar of Makhleb.
  6288 | D:6      | Found an opulent altar of Gozag.
  6288 | D:6      | Found a shimmering altar of Xom.
  6467 | D:7      | Reached ***** piety under Trog
  6521 | D:7      | Reached skill level 9 in Maces & Flails
  7001 | D:7      | Found a burning altar of Makhleb.
  7001 | D:7      | Noticed an Executioner
  7634 | D:8      | Found a stormy altar of Qazlal.
  7643 | D:8      | Found a blossoming altar of Fedhas.
  7644 | D:8      | Noticed a two-headed ogre
  7652 | D:8      | Killed a two-headed ogre
  7652 | D:8      | Received a gift from Trog
  7652 | D:8      | Reached skill level 10 in Maces & Flails
  7690 | D:8      | Reached XP level 10. HP: 51/70 MP: 10/10
  8039 | D:8      | Noticed a two-headed ogre
  8051 | D:8      | Killed a two-headed ogre
  8426 | D:8      | Found a staircase to the Lair.
  8548 | D:8      | Found a glowing golden altar of the Shining One.
  8551 | D:8      | Found a basalt altar of Yredelemnul.
  8557 | D:8      | Found an ancient bone altar of Kikubaaqudgha.
  8884 | D:9      | Reached skill level 10 in Shields
  8895 | D:9      | Reached skill level 11 in Maces & Flails
  9273 | D:9      | Noticed v77's ghost (novice MiBe)
  9292 | D:9      | Killed v77's ghost
  9292 | D:9      | Reached XP level 11. HP: 69/75 MP: 11/11
  9453 | D:9      | Found a shadowy altar of Dithmenos.
  9561 | D:9      | Noticed a two-headed ogre
  9568 | D:9      | Killed a two-headed ogre
  9622 | D:9      | Found a bloodstained altar of Trog.
  9737 | D:10     | Entered Level 10 of the Dungeon
  9845 | D:10     | Reached skill level 12 in Maces & Flails
 10115 | D:10     | Noticed a two-headed ogre
 10122 | D:10     | Killed a two-headed ogre
 10291 | D:10     | Noticed a two-headed ogre
 10301 | D:10     | Killed a two-headed ogre
 10522 | D:11     | Noticed a two-headed ogre
 10530 | D:11     | Killed a two-headed ogre
 10674 | D:11     | Noticed Psyche
 10688 | D:11     | Killed Psyche
 10830 | D:11     | Noticed Fannar
 10853 | D:11     | Killed Fannar
 10931 | D:11     | Noticed a white ugly thing
 10945 | D:11     | Killed a white ugly thing
 10957 | D:11     | Noticed a skeletal warrior
 10959 | D:11     | Noticed a skeletal warrior
 10959 | D:11     | Noticed a skeletal warrior
 10960 | D:11     | Noticed a skeletal warrior
 10971 | D:11     | Killed a skeletal warrior
 10976 | D:11     | Killed a skeletal warrior
 10984 | D:11     | Killed a skeletal warrior
 10984 | D:11     | Reached skill level 13 in Maces & Flails
 10984 | D:11     | Gained mutation: You are mostly covered in thin metallic scales. (AC +3) [demonic ancestry]
 10984 | D:11     | Reached XP level 12. HP: 56/81 MP: 12/12
 11191 | D:11     | Noticed a two-headed ogre
 11217 | D:11     | Killed a two-headed ogre
 11434 | D:11     | Found a staircase to the Orcish Mines.
 11486 | D:11     | Noticed a two-headed ogre
 11495 | D:11     | Killed a two-headed ogre
 11579 | D:11     | Received a gift from Trog
 11584 | D:11     | Got a scorched eveningstar {god gift}
 11585 | D:11     | Identified the +10 eveningstar of Laceration {crush, *Slow rElec rN+ Int+3} (Trog gifted it to you on level 11 of the Dungeon)
 11587 | D:11     | Noticed Harold
 11595 | D:11     | Killed Harold
 11739 | D:11     | Noticed Grum
 11752 | D:11     | Killed Grum
 11880 | D:11     | Noticed Erolcha
 11887 | D:11     | Killed Erolcha
 12074 | D:11     | Noticed a two-headed ogre
 12079 | D:11     | Killed a two-headed ogre
 12393 | D:12     | Reached skill level 14 in Maces & Flails
 12502 | D:12     | Noticed a death knight
 12510 | D:12     | Noticed a death knight
 12510 | D:12     | Killed a death knight
 12517 | D:12     | HP: 3/121 [mirror damage (12)]
 12518 | D:12     | Killed a death knight
 12518 | D:12     | Killed by mirror damage

Skill      XL: |  1  2  3  4  5  6  7  8  9 10 11 12 |
---------------+-------------------------------------+-----
Maces & Flails | 3 4 5 7 8 10 11 13 14 | 14.1
Shields        | 1 2 3 4 5 7 9 10 12 13 | 13.5
Fighting       | |  3.0
Armour         | |  1.7
Dodging        | |  1.7

Action                   |  1- 3 |  4- 6 |  7- 9 | 10-12 || total
-------------------------+-------+-------+-------+-------++-------
Melee: Mace              |   120 |   107 |       |       ||   227
       Flail             |       |    31 |   274 |   473 ||   778
       Headbutt          |       |     9 |    64 |   164 ||   237
       Eveningstar       |       |       |       |    77 ||    77
Invok: Berserk           |       |     1 |     3 |     5 ||     9
  Use: Scroll            |       |       |     2 |     7 ||     9
 Stab: Distracted        |       |     3 |     3 |     2 ||     8
       Held in net/web   |       |       |       |     1 ||     1
  Eat: Chunk             |     2 |     9 |    15 |    20 ||    46
Armor: Scale mail        |    38 |    47 |    76 |    20 ||   181
       Animal skin       |     1 |       |       |       ||     1
       Plate armour      |       |       |       |    80 ||    80
Dodge: Dodged            |    68 |    33 |    51 |    63 ||   215
Block: Shield            |    28 |    86 |   196 |   395 ||   705
       Reflection        |       |       |       |    26 ||    26
